 Dungeon Crawl Stone Soup version 0.13.0 (webtiles) character file.

921 Malachi the Cleaver (level 7, -4/63 HPs)
             Began as a Deep Dwarf Berserker on Oct 12, 2013.
             Was an Elder of Trog.
             Slain by an ogre
             ... wielding a +0,+0 giant club
              (25 damage)
             ... on Level 5 of the Dungeon.
             The game lasted 00:11:12 (3730 turns).

Malachi the Cleaver (Deep Dwarf Berserker)          Turns: 3730, Time: 00:11:13

HP  -4/63        AC 11     Str 23      XL: 7   Next: 56%
MP   6/6         EV 10     Int  7      God: Trog [****..]
Gold 132         SH  0     Dex 12      Spells:  0 memorised,  6 levels left

Res.Fire  : . . .   See Invis. : .   D - +0 battleaxe
Res.Cold  : . . .   Warding    : .   p - +1 dwarf ring mail (curse)
Life Prot.: . . .   Conserve   : .   (no shield)
Res.Poison: .       Res.Corr.  : .   o - +0 helmet
Res.Elec. : .       Clarity    : .   z - +0 cloak
Sust.Abil.: . .     Spirit.Shd : .   B - +1 pair of dwarf gloves
Res.Mut.  : .       Stasis     : .   (no boots)
Res.Rott. : .       Flight     : .   (no amulet)
Saprovore : . . .                    e - ring of sustenance
                                     y - ring of protection from magic

@: non-regenerating, drained, quite resistant to hostile enchantments, extremely
unstealthy
A: damage resistance, recharge devices, sense surroundings 1, slow healing 3
a: Device Recharging, Burn Spellbooks, Berserk, Trog's Hand, Brothers in Arms,
Renounce Religion


You were on level 5 of the Dungeon.
You worshipped Trog.
Trog was greatly pleased with you.
You were very hungry.

You visited 1 branch of the dungeon, and saw 5 of its levels.

You collected 145 gold pieces.
You spent 33 gold pieces at shops.

Inventory:

Hand weapons
 a - a +0,+0 dwarven hand axe {=f}
 w - the +9,+6 short sword of the Assorted Cities {flame, +Fly}
   (You found it on level 4 of the Dungeon)

   It emits flame when wielded, causing extra injury to most foes and up to
   double damage against particularly susceptible opponents.
   Big, fiery blades are also staple armaments of hydra-hunters.
   It lets you fly.
 D - a +0,+0 battleaxe (weapon)
Armour
 b - a +0 animal skin
 o - a +0 helmet (worn)
 p - a cursed +1 dwarven ring mail (worn)
 s - the +1 robe of Divine Intervention {Dex+3 Stlth++}
   (You found it on level 4 of the Dungeon)

   It affects your dexterity (+3).
   It makes you much more stealthy.
 z - a +0 cloak (worn)
 B - a +1 pair of dwarven gloves (worn)
Magical devices
 c - a wand of heal wounds (3)
 q - a wand of polymorph (13) {unknown}
Comestibles
 d - 4 bread rations
 h - 5 meat rations
Scrolls
 f - 7 scrolls of remove curse
 l - a scroll of enchant weapon I
 m - a scroll of teleportation
 A - a scroll of magic mapping
Jewellery
 e - a ring of sustenance (right hand)
 i - an uncursed ring of wizardry
 k - an uncursed ring of invisibility
 y - a ring of protection from magic (left hand)
 E - an uncursed ring of positive energy
Potions
 g - 2 potions of restore abilities
 j - 2 potions of resistance
 n - 3 potions of heal wounds
 r - 4 potions of brilliance
 v - 2 potions of confusion {unknown}
 C - 2 potions of curing {unknown}


   Skills:
 - Level 2.6(1.6) Fighting
 * Level 9.8(8.6) Axes
 - Level 2.1(1.1) Armour
 - Level 2.1(1.1) Dodging
 - Level 1.0(0.0) Stealth


You had 6 spell levels left.
You didn't know any spells.

Dungeon Overview and Level Annotations

Branches:
Dungeon (5/27)
 Temple: D:4-7

Altars:
Nemelex Xobeh
Trog
the Shining One

Shops:
D:4 [


Innate Abilities, Weirdness & Mutations

You are resistant to damage.
You can recharge devices by infusing magical energy.
You passively map a small area around you.
You do not heal naturally.


Message History

No target in view!
No target in view!
The ogre barely misses you.
The ogre is too close now for your liking.
There is an open door here.
You barely miss the ogre. The ogre barely misses you.
You hit the ogre.
The ogre is moderately wounded.
The ogre hits you with a giant club!
You barely miss the ogre.
The ogre is moderately wounded.
You feel less exhausted. The ogre hits you with a giant club!
You slash the ogre!
The ogre is severely wounded.
The ogre closely misses you.
You barely miss the ogre.
The ogre is severely wounded.
The ogre hits you with a giant club!
You die...

...#..)#....# #.................
.#...#...#.########.###...####..#
...#...[.#...##.....####.## #..#
.#.......#...#..###..# #.# #...
..##.....#...#.##.##.###.# ##..
###...####.#...#...#.....# #.. #
#...# #...####.####...# #.. #
#...# #..##.O#'#..##..# #.) #
##.# ##..#...@.'._.#..# ##.. # ,
. * #...##.##.##.##.## #... #
..###....###.#.###..######... #
.............#...............
###* #....###.###.############.
.># #...<# #.....# ## ..# #...##
#<..### ..# ###.######## #####
#....#


You could see an ogre.

Vanquished Creatures
  A phantom (D:4)
  2 ogres
  2 crimson imps (D:5)
  Crazy Yiuf (D:3)
  4 worker ants
  2 orc wizards
  An iguana (D:5)
  2 orc priests (D:4)
  3 gnolls (D:3)
  4 adders
  2 giant mites
  A worm (D:2)
  5 giant geckos
  3 oozes
  11 orcs
  A ball python (D:2)
  A giant mite zombie (D:3)
  12 hobgoblins
  7 jackals
  9 kobolds
  A quokka (D:2)
  6 bats
  5 giant cockroaches
  10 giant newts
  16 goblins
  8 rats
120 creatures vanquished.

Notes
Turn   | Place    | Note
--------------------------------------------------------------
     0 | D:1      | Malachi, the Deep Dwarf Berserker, began the quest for the Orb.
     0 | D:1      | Reached XP level 1. HP: 21/21 MP: 0/0
   153 | D:1      | Reached XP level 2. HP: 20/28 MP: 1/1
   199 | D:1      | Reached skill level 4 in Axes
   343 | D:1      | HP: 1/28 [hobgoblin (2)]
   344 | D:1      | Acquired Trog's second power
   854 | D:2      | Reached XP level 3. HP: 24/34 MP: 2/2
  1118 | D:2      | Reached skill level 5 in Axes
  1643 | D:3      | Reached XP level 4. HP: 37/43 MP: 3/3
  1660 | D:3      | Found a bloodstained altar of Trog.
  1691 | D:3      | Found a glowing golden altar of the Shining One.
  1848 | D:3      | Reached skill level 6 in Axes
  2036 | D:3      | Reached XP level 5. HP: 41/49 MP: 4/4
  2163 | D:3      | Noticed Crazy Yiuf
  2171 | D:3      | Killed Crazy Yiuf
  2428 | D:3      | Reached skill level 7 in Axes
  2489 | D:4      | HP: 1/49 [it/puff of flame (3)]
  2515 | D:4      | Reached XP level 6. HP: 21/56 MP: 5/5
  2526 | D:4      | Noticed an ogre
  2534 | D:4      | Killed an ogre
  2565 | D:4      | Found Ghoywn's Antique Armour Shoppe.
  2574 | D:4      | Reached skill level 8 in Axes
  2590 | D:4      | Bought a pair of dwarven gloves for 33 gold pieces
  2906 | D:4      | Acquired Trog's third power
  2906 | D:4      | Reached skill level 1 in Stealth
  3012 | D:4      | Got a faintly humming robe
  3023 | D:4      | Identified the +1 robe of Divine Intervention {Dex+3 Stlth++} (You found it on level 4 of the Dungeon)
  3116 | D:4      | Noticed a phantom
  3146 | D:4      | Killed a phantom
  3146 | D:4      | Reached skill level 9 in Axes
  3146 | D:4      | Reached XP level 7. HP: 48/63 MP: 6/6
  3159 | D:4      | Got a twisted short sword
  3160 | D:4      | Identified the short sword of the Assorted Cities {flame, +Fly} (You found it on level 4 of the Dungeon)
  3412 | D:5      | Entered Level 5 of the Dungeon
  3716 | D:5      | Found a sparkling altar of Nemelex Xobeh.
  3730 | D:5      | Slain by an ogre

Action                   |  1- 3 |  4- 6 |  7- 9 || total
-------------------------+-------+-------+-------++-------
Melee: Hand axe          |   138 |   173 |       ||   311
       Battleaxe         |       |    49 |    67 ||   116
Invok: Trog's Hand       |     3 |     4 |       ||     7
       Berserk           |       |     3 |     1 ||     4
Evoke: Wand              |       |     2 |       ||     2
  Use: Scroll            |       |     5 |     7 ||    12
       Potion            |       |     1 |     2 ||     3
